 Dungeon Crawl Stone Soup version 0.15.2 (webtiles) character file.

949 magipi the Cleaver (level 8, -2/44 HPs)
             Began as a Gargoyle Skald on Sept 10, 2015.
             Slain by an orc warrior
             ... wielding a +0 short sword
              (8 damage)
             ... on Level 6 of the Dungeon.
             The game lasted 00:34:22 (5186 turns).

magipi the Cleaver (Gargoyle Skald)                 Turns: 5186, Time: 00:34:22

HP  -2/44        AC 12     Str 16      XL: 8   Next: 13%
MP  22/22        EV  9     Int 13      God:
Gold 144         SH  0     Dex 11      Spells:  2 memorised,  7 levels left

rFire  . . .     SeeInvis .     o - +0 battleaxe
rCold  . . .     Clarity  .     e - +0 ring mail
rNeg   + . .     rCorr    +     (no shield)
rPois  +         rRot     +     h - +1 helmet
rElec  +         Spirit   .     (no cloak)
SustAb .         Warding  .     (no gloves)
rMut   .         Stasis   .     (no boots)
Gourm  .                        A - amulet of resist corrosion
MR     .....                    (no ring)
                                l - ring of magical power

@: not resistant to hostile enchantments, very unstealthy
A: negative energy resistance 1, electricity resistance, unbreathing,
petrification resistance, rot immunity, AC +5
a: no special abilities


You were on level 6 of the Dungeon.
You were not hungry.

You visited 1 branch of the dungeon, and saw 8 of its levels.

You collected 144 gold pieces.

Inventory:

Hand weapons
 a - a +0 hand axe
 o - a +0 battleaxe (weapon)
Missiles
 g - 29 poisoned needles
 z - 3 tomahawks (quivered)
Armour
 e - a +0 ring mail (worn)
 h - a +1 helmet (worn)
Comestibles
 d - 5 bread rations
 k - 3 meat rations
 q - 7 fruits
Scrolls
 b - 4 scrolls of identify
 v - a scroll of amnesia
 w - a scroll of immolation {unknown}
 y - a scroll of magic mapping {unknown}
Jewellery
 l - a ring of magical power (left hand)
 A - an amulet of resist corrosion (around neck)
Potions
 f - a potion of porridge
 i - 3 potions of restore abilities
 j - a potion of magic
 m - 2 potions of haste
 p - a potion of might
 r - a potion of resistance
 B - a potion of lignification
Books
 c - a book of Battle

   Spells                             Type                      Level
   *Infusion                          Charms                       1
   Shroud of Golubria                 Charms/Translocation         2
   Song of Slaying                    Charms                       2
   Spectral Weapon                    Hexes/Charms                 3
   *Regeneration                      Charms/Necromancy            3
 n - a book of Necromancy

   Spells                             Type                      Level
   Pain                               Necromancy                   1
   Animate Skeleton                   Necromancy                   1
   Vampiric Draining                  Necromancy                   3
   *Regeneration                      Charms/Necromancy            3
   Animate Dead                       Necromancy                   4
   Control Undead                     Necromancy                   4


   Skills:
 - Level 2.1 Fighting
 - Level 8.0 Axes
 - Level 1.1 Armour
 - Level 0.7 Dodging
 - Level 2.0 Spellcasting
 + Level 3.3 Charms
 + Level 1.3 Necromancy


You had 7 spell levels left.
You knew the following spells:

 Your Spells              Type           Power        Failure   Level  Hunger
a - Infusion              Chrm           ##....       10%         1    ##.....
b - Regeneration          Chrm/Necr      #.........   38%         3    ####...


Dungeon Overview and Level Annotations

Branches:
Dungeon (8/15)
 Temple: D:4-7         Lair: D:8-11

Altars:
Ashenzari
Fedhas
Vehumet
Xom

Annotations:
D:4 emiel's ghost, average MiTm
D:5 Blork the orc
D:7 Eustachio


Innate Abilities, Weirdness & Mutations

You are resistant to torment.
You are immune to poison.
Your stone body is very resilient (AC +5).
You resist negative energy.
You are resistant to electric shocks.
You can survive without breathing.
You are immune to petrification.
You are immune to rotting.

Vault maps used:
D:1:      onia_arrival_larder, roderic_roman_lattice, minmay_misc_feat_doors,
          lemuel_old_faithful
D:2:      vehumet_crystals
D:3:      fedhas_altar_3, lemuel_coloured_pillars_altar,
          kennysheep_generic_room_11
D:4:      lemuel_round_altar, first_bread, grunt_dithmenos_shadows
D:5:      cheibrodos_ashenzari_chains, uniq_blork_the_orc, uniq_pikel,
          uniq_natasha
D:6:      minmay_temple_entry_large_hall
D:7:      uniq_eustachio
D:8:      david_nohive_1, uniq_duvessa


Message History

You kill the bat!
Found a stone staircase leading down.
Eustachio shouts!
You see here a battleaxe.
Unknown command.
o - a battleaxe Wield which item (- for none, * to show all)? (? for menu, Esc to quit)
o - a +0 battleaxe (weapon)
Eustachio gestures wildly while chanting.
Eustachio gestures wildly while chanting.
Eustachio blinks!
There is an escape hatch in the ceiling here.
Eustachio gestures wildly while chanting.
A mysterious force pulls you upwards. The hatch slams shut behind you.
A scorpion comes into view.
Casting: Infusion
Confirm with . or Enter, or press ? or * to list all spells.
You begin infusing your attacks with magical energy.
You barely miss the scorpion.
The scorpion stings you but does no damage. x2
You barely miss the scorpion.
The scorpion stings you but does no damage.
You hit the scorpion.
The scorpion is heavily wounded.
The scorpion stings you but does no damage.
You barely miss the scorpion.
The scorpion is heavily wounded.
The scorpion stings you but does no damage.
The scorpion barely misses you.
You completely miss the scorpion.
The scorpion is heavily wounded.
The scorpion stings you.
You slash the scorpion!
You kill the scorpion!
You see here a scorpion corpse.
Your magical infusion is running out.
The orc shouts! x3
Found a slice of pizza.
An adder and an orc come into view.
The orc shouts!
The orc warrior shouts!
You are no longer magically infusing your attacks.
You see here a scorpion corpse.
You closely miss the orc. The orc hits you but does no damage.
You closely miss the orc. The orc closely misses you.
The orc closely misses you.
You barely miss the orc. The orc barely misses you.
You slice the orc!!
You kill the orc!
You hit the orc.
The orc is severely wounded.
The orc hits you with a whip. The orc hits you but does no damage.
You slice the orc!!
You kill the orc!
You hit the adder.
The adder is almost dead.
The adder barely misses you. The adder bites you but does no damage.
You miss the adder.
The adder is almost dead.
The adder bites you but does no damage. The adder closely misses you.
Casting: Infusion
Confirm with . or Enter, or press ? or * to list all spells.
You begin infusing your attacks with magical energy.
The adder bites you but does no damage.
You slash the adder!
You kill the adder!
You barely miss the orc warrior. The orc warrior completely misses you.
You closely miss the orc warrior.
The orc warrior hits you with a short sword.
You slash the orc warrior!
The orc warrior is moderately wounded.
The orc warrior hits you but does no damage.
The orc warrior hits you with a short sword.
You closely miss the orc warrior.
The orc warrior is moderately wounded.
The orc warrior hits you but does no damage.
You hit the orc warrior but do no damage.
The orc warrior is moderately wounded.
The orc warrior hits you with a short sword!
You completely miss the orc warrior.
The orc warrior is moderately wounded.
The orc warrior hits you but does no damage.
Unknown command.
You hit the orc warrior.
The orc warrior is heavily wounded.
Your magical infusion is running out.
The orc warrior hits you but does no damage. x2
You slash the orc warrior!
The orc warrior is severely wounded.
The orc warrior hits you but does no damage.
You closely miss the orc warrior.
The orc warrior is severely wounded.
The orc warrior hits you with a short sword.
You closely miss the orc warrior.
The orc warrior is severely wounded.
The orc warrior hits you with a short sword!
* * * LOW HITPOINT WARNING * * *
You are no longer magically infusing your attacks.
The orc warrior hits you with a short sword!
You die...

).# .. ###.### ###
#. #.o.... . #.
#.#.### ### ... (.
#.#o### ..# ..... #
#o..... #... ⌠..##
#.....# ....
...###########...#..
.###
#....[......>......
## ###
#@##########.....#
####.# #o# ##...##
.....# #.# #.....
###### #.# ## ##.###
#)# #.# #.# #%##.#
+# #.#.# ## #..##
#.# # ###.###.#


You could see an orc warrior.

Table legend:
 A = Kills in this place as a percentage of kills in entire the game.
 B = Kills by you in this place as a percentage of kills by you in the entire game.
 C = Kills by friends in this place as a percentage of kills by friends in the entire game.
 D = Other kills in this place as a percentage of other kills in the entire game.
 E = Experience gained in this place as a percentage of experience gained in the entire game.
 F = Experience gained in this place divided by the number of levels of this place that you have seen.
                   A       B       C       D       E      F
               +-------+-------+-------+-------+-------+----------------------
         Total | 100.0 | 100.0 |  -nan |  -nan | 100.0 | 169.6
       Dungeon | 100.0 | 100.0 |  -nan |  -nan | 100.0 | 169.6
               +-------+-------+-------+-------+-------+----------------------

Vanquished Creatures
  A sky beast (D:7)
  An ogre (D:6)
  A scorpion (D:6)
  3 hounds
  5 orc priests
  5 orc wizards
  A worker ant (D:5)
  An elf skeleton (D:7)
  2 iguanas (D:7)
  9 adders
  An orc zombie (D:7)
  2 shadow imps (D:6)
  3 worms
  An adder skeleton (D:4)
  5 giant geckos
  An ooze (D:1)
  12 orcs
  A ball python (D:2)
  3 giant cockroaches
  13 hobgoblins
  11 jackals
  6 kobolds
  6 quokkas
  13 bats
  5 giant newts
  11 goblins
  A hobgoblin zombie (D:6)
  2 quokka zombies
  17 rats
  A rat zombie (D:8)
144 creatures vanquished.

Vanquished Creatures (others)
  2 goblins
2 creatures vanquished.

Grand Total: 146 creatures vanquished

Notes
Turn   | Place    | Note
--------------------------------------------------------------
     0 | D:1      | magipi, the Gargoyle Skald, began the quest for the Orb.
     0 | D:1      | Reached XP level 1. HP: 12/12 MP: 3/3
   150 | D:1      | Reached XP level 2. HP: 15/17 MP: 4/4
   424 | D:1      | Reached skill level 3 in Axes
   489 | D:2      | Reached XP level 3. HP: 12/21 MP: 6/6
   967 | D:2      | Reached XP level 4. HP: 19/26 MP: 7/7
  1111 | D:3      | Found a blossoming altar of Fedhas.
  1236 | D:2      | Reached skill level 4 in Axes
  1238 | D:2      | Found a radiant altar of Vehumet.
  1517 | D:3      | Found a shimmering altar of Xom.
  1770 | D:4      | Noticed emiel's ghost (average MiTm)
  1784 | D:3      | Reached XP level 5. HP: 23/30 MP: 9/9
  1872 | D:3      | Noticed an orc warrior
  2047 | D:4      | Noticed a phantom
  2070 | D:5      | Entered Level 5 of the Dungeon
  2161 | D:4      | Reached skill level 5 in Axes
  2564 | D:5      | Reached XP level 6. HP: 19/35 MP: 10/10
  2627 | D:5      | Found a shattered altar of Ashenzari.
  2758 | D:5      | Noticed Blork the orc
  2972 | D:6      | Reached skill level 6 in Axes
  3205 | D:7      | Noticed Eustachio
  3750 | D:8      | Reached XP level 7. HP: 29/40 MP: 12/12
  3775 | D:8      | Reached skill level 7 in Axes
  3896 | D:8      | Noticed a hippogriff
  4674 | D:6      | Learned a level 3 spell: Regeneration
  4687 | D:6      | Reached skill level 8 in Axes
  4687 | D:6      | Reached XP level 8. HP: 23/44 MP: 13/13
  4967 | D:6      | Reached skill level 1 in Necromancy
  5186 | D:6      | Slain by an orc warrior

Action                   |  1- 3 |  4- 6 |  7- 9 || total
-------------------------+-------+-------+-------++-------
Melee: Hand axe          |   134 |   416 |   173 ||   723
       Battleaxe         |       |       |    25 ||    25
Throw: Tomahawk          |       |     3 |       ||     3
 Cast: Infusion          |     1 |    14 |    10 ||    25
  Use: Scroll            |       |    18 |       ||    18
       Potion            |       |     1 |       ||     1
  Eat: Chunk             |       |     9 |     3 ||    12
       Beef jerky        |       |     1 |     2 ||     3

Action                   |  1- 3 |  4- 6 |  7- 9 || total
-------------------------+-------+-------+-------++-------
Melee: Hand axe          |   134 |   416 |   173 ||   723
       Battleaxe         |       |       |    25 ||    25
Throw: Tomahawk          |       |     3 |       ||     3
 Cast: Infusion          |     1 |    14 |    10 ||    25
  Use: Scroll            |       |    18 |       ||    18
       Potion            |       |     1 |       ||     1
  Eat: Chunk             |       |     9 |     3 ||    12
       Beef jerky        |       |     1 |     2 ||     3

Action                   |  1- 3 |  4- 6 |  7- 9 || total
-------------------------+-------+-------+-------++-------
Melee: Hand axe          |   134 |   416 |   173 ||   723
       Battleaxe         |       |       |    25 ||    25
Throw: Tomahawk          |       |     3 |       ||     3
 Cast: Infusion          |     1 |    14 |    10 ||    25
  Use: Scroll            |       |    18 |       ||    18
       Potion            |       |     1 |       ||     1
  Eat: Chunk             |       |     9 |     3 ||    12
       Beef jerky        |       |     1 |     2 ||     3
